 Dungeon Crawl Stone Soup version 0.27-a0-836-gfc908b8576 (webtiles) character file.

Game seed: 8535425718317641217

234 polve the Ruffian (level 5, -7/47 HPs)
             Began as a Draconian Transmuter on Apr 1, 2021.
             Shot with an arrow by a centaur (13 damage)
             ... on level 5 of the Dungeon.
             The game lasted 00:02:57 (4122 turns).

polve the Ruffian (Draconian Transmuter)            Turns: 4122, Time: 00:02:57

Health: -7/47      AC:  6    Str: 13    XL:     5   Next: 75%
Magic:  8/8        EV: 12    Int: 14    God:
Gold:   191        SH:  0    Dex: 11    Spells: 7/8 levels left

rFire    . . .     SeeInvis .     - Unarmed
rCold    . . .     Faith    .   (no shield)
rNeg     + . .     Spirit   .   (armour unavailable)
rPois    .         Reflect  .   (helmet restricted)
rElec    .         Harm     .   (no cloak)
rCorr    .         Rampage  .   h - +0 pair of gloves
Will     .....                  (no boots)
Stlth    +.........             (no amulet)
HPRegen  0.15/turn              i - ring of positive energy
MPRegen  0.11/turn              (no ring)

@: no status effects
A: AC +5, unfitting armour, cold-blooded
a: no special abilities


You were on level 5 of the Dungeon.
You visited 2 branches of the dungeon, and saw 6 of its levels.

You collected 191 gold pieces.

Inventory:

Armour
 h - a +0 pair of gloves (worn)
Jewellery
 i - a ring of positive energy (left hand)
 k - an amulet of the acrobat
 n - a ring of wizardry
 r - a ring of flight
Wands
 p - a wand of mindburst (21)
 q - a wand of paralysis (4)
Scrolls
 c - a scroll of teleportation {unknown}
 d - 7 scrolls of amnesia {unknown}
 e - 2 scrolls of identify {unknown}
 f - 2 scrolls of holy word {unknown}
 g - a scroll of fog {unknown}
 m - a scroll of noise {unknown}
 o - a scroll of magic mapping {unknown}
Potions
 a - a potion of magic
 l - a potion of lignification


   Skills:
 + Level 4.5 Fighting
 - Level 1.7 Dodging
 + Level 5.0 Unarmed Combat
 - Level 2.0 Spellcasting
 - Level 2.0 Transmutations


You had 7 spell levels left.
You knew the following spells:

 Your Spells              Type           Power      Damage    Failure   Level
a - Beastly Appendage     Tmut           14%        N/A       11%         1

Your spell library contained the following spells:

 Spells                   Type           Power      Damage    Failure   Level
 Wereblood                Tmut           7%         N/A       16%         2
 Spider Form              Tmut/Pois      2%         N/A       43%         3
 Ice Form                 Ice/Tmut       4%         N/A       83%         4
 Hydra Form               Tmut           3%         N/A       96%         5


Dungeon Overview and Level Annotations

Branches:
Dungeon (5/15)             Temple (1/1) D:4

Altars:
Ashenzari
Cheibriados
Dithmenos
Gozag
Hepliaklqana
Kikubaaqudgha
Makhleb
Nemelex Xobeh
Ru
Sif Muna
Trog
Uskayaw
Vehumet
Wu Jian
Xom
Yredelemnul
Zin
The Shining One

Shops:
D:4 (

Annotations:
D:5 Menkaure


Innate Abilities, Weirdness & Mutations

Your plain brown scales are hard. (AC +5)
You cannot fit into any form of body armour.
You are cold-blooded and may be slowed by cold attacks.


Message History

The phantom blinks!
You blink.
You swing at nothing.
The ufetubus misses you. The ufetubus barely misses you.
The phantom hits you but does no damage.
The ufetubus barely misses you. The ufetubus closely misses you.
The ufetubus barely misses you. The ufetubus hits you.
The centaur shoots an arrow.
The arrow barely misses you. The phantom hits you.
Your magical contamination has completely faded away.
The centaur shoots an arrow.
The arrow hits you! The phantom misses you.
The ufetubus hits you but does no damage. x2
Your transformation is almost over.
The centaur shoots an arrow.
The arrow hits you! The ufetubus closely misses you.
The ufetubus hits you but does no damage.
The ufetubus hits you.
* * * LOW HITPOINT WARNING * * *
The ufetubus closely misses you.
Found 16 gold pieces and a scroll labelled DIZEIGOIGU.
The ufetubus closely misses you.
The ufetubus hits you but does no damage.
You feel much better. The ufetubus closely misses you.
The ufetubus completely misses you.
The centaur shoots an arrow.
The arrow hits you.
The ufetubus hits you but does no damage. x2
The centaur shoots an arrow.
The arrow misses you.
Your horns disappear.
Your talons disappear.
The centaur shoots an arrow.
The arrow hits you.
The centaur shoots an arrow.
The arrow closely misses you.
Menkaure gestures wildly while chanting.
Menkaure seems to speed up.
The ufetubus closely misses you.
The ufetubus hits you but does no damage.
The centaur shoots an arrow.
The arrow misses you.
The centaur shoots an arrow.
The arrow hits you!
There is a stone staircase leading up here.
You can't go down here!
The ufetubus misses you.
The ufetubus hits you but does no damage.
The centaur shoots an arrow.
The arrow hits you!
* * * LOW HITPOINT WARNING * * *
The centaur shoots an arrow.
The arrow hits you!
You die...

....#..#
....?.# #.
#..####
#.##.....###
#.....##...#
#####M####.##
#c####..#
#..5..#...#
#@W##....##
#...####......
#...# #.....
#.... .....$
#..... .#....
#...... .?....
#<..#.#. ..
#...#....


You could see a phantom, Menkaure (fast), a centaur and an ufetubus.

Vanquished Creatures
  An ogre (D:4)
  An orc priest (D:4)
  An orc wizard (D:4)
  4 adders
  3 worms (D:2)
  A dart slug (D:3)
  4 ball pythons
  3 bats
  An endoplasm (D:2)
  A giant cockroach (D:4)
  5 goblins
  3 hobgoblins (D:3)
  4 jackals (D:2)
  A quokka (D:1)
  5 frilled lizards
  8 kobolds
  9 rats
55 creatures vanquished.

Notes
Turn   | Place    | Note
-------+----------+-------------------------------------------
     0 | D:1      | polve the Draconian Transmuter began the quest for the Orb.
     0 | D:1      | Reached XP level 1. HP: 16/16 MP: 3/3
   424 | D:1      | Reached XP level 2. HP: 15/24 MP: 5/5
  1101 | D:2      | Found a radiant altar of Vehumet.
  1220 | D:2      | Found a shimmering altar of Xom.
  1231 | D:2      | Reached XP level 3. HP: 20/30 MP: 4/6
  1734 | D:2      | Found a shimmering blue altar of Sif Muna.
  1993 | D:2      | Noticed a moth of wrath
  1996 | D:2      | Found a bloodstained altar of Trog.
  2531 | D:3      | Reached skill level 4 in Unarmed Combat
  2537 | D:3      | Reached XP level 4. HP: 14/38 MP: 7/7
  3170 | D:4      | Found Qeodyschy's Antique Weapon Boutique.
  3309 | D:4      | Noticed an ogre
  3317 | D:4      | Killed an ogre
  3318 | D:4      | Reached XP level 5. HP: 46/46 MP: 6/8
  3754 | D:4      | Found a staircase to the Ecumenical Temple.
  3780 | Temple   | Entered the Ecumenical Temple
  3921 | D:5      | Entered Level 5 of the Dungeon
  3921 | D:5      | Noticed Menkaure
  3921 | D:5      | Noticed a phantom
  3933 | D:4      | Reached skill level 5 in Unarmed Combat
  4105 | D:5      | Noticed a centaur
  4122 | D:5      | Shot with an arrow by a centaur

Illustrated notes

Levels and vault maps discovered:
D:1:      amcnicky_arrival_choice, layout_rooms, minmay_misc_feat_four_crosses
D:2:      layout_loops_ring, nicolae_overflow_crystal_walls,
          lemuel_doored_altar, general_overflow_altar, tgw_trog
D:3:      layout_basic
D:4:      layout_loops_ring, lemuel_temple_firewalk_b, serial_shops,
          nicolae_shop_stone
D:5:      layout_rooms, lemuel_round_altar, uniq_menkaure, uniq_edmund
Temple:   eino_temple_lava

Skill      XL: |  1  2  3  4  5 |
---------------+----------------+-----
Fighting       | 2 3 4 |  4.5
Unarmed Combat | 4 5 |  5.0
Dodging        | |  1.7
Spellcasting   | |  2.0
Transmutations | |  2.0

Action                   |  1- 3 |  4- 6 || total
-------------------------+-------+-------++-------
Melee: Unarmed           |   135 |    43 ||   178
       Tailslap          |    14 |     1 ||    15
       Kick              |    15 |     8 ||    23
       Headbutt          |     7 |     3 ||    10
       Punch             |     1 |       ||     1
 Cast: Beastly Appendage |    24 |    14 ||    38
  Use: Potion            |       |     5 ||     5
 Stab: Sleeping          |     1 |       ||     1
Armor: Skin              |    40 |    17 ||    57
Dodge: Dodged            |    79 |    58 ||   137

Table legend: (Time is in decaauts)
 A = Elapsed time spent in this place.
 B = Non-inter-level travel time spent in this place.
 C = Inter-level travel time spent in this place.
 D = Time resting spent in this place.
 E = Time spent auto-exploring this place.
 F = Levels seen in this place.
 G = Mean time per level.
                   A        B        C        D        E       F      G
               +--------+--------+--------+--------+--------+-----+--------+
         Total |   4109 |   3930 |    179 |     25 |   3432 |   6 |  684.8 |
       Dungeon |   4041 |   3871 |    170 |     25 |   3375 |   5 |  808.2 |
        Temple |     67 |     58 |      9 |      0 |     57 |   1 |   67.0 |
               +--------+--------+--------+--------+--------+-----+--------+

Top non-repeatable levels by time:
     D:2: 1209 daAuts
     D:1: 976 daAuts
     D:4: 932 daAuts
     D:3: 899 daAuts
  Temple: 67 daAuts
     D:5: 23 daAuts
